 Dungeon Crawl Stone Soup version 0.30.1-9-gdf580d7c3d (webtiles) character file.

Game seed: 9522478464897147650

418648 Peloso the Hoplite (level 22, -4/220 HPs)
             Began as a Minotaur Fighter on Oct 13, 2023.
             Was the Champion of Okawaru.
             Killed from afar by a hell knight (13 damage)
             ... with a bolt of fire
             ... led by Margery
             ... on level 4 of the Vaults on Oct 14, 2023.
             The game lasted 02:46:42 (48098 turns).

Peloso the Hoplite (Minotaur Fighter)              Turns: 48098, Time: 02:46:43

Health: -4/220     AC: 33    Str: 30    XL:     22   Next: 61%
Magic:  22/22      EV: 17    Int:  5    God:    Okawaru [******]
Gold:   2894       SH: 14    Dex: 28    Spells: 21/21 levels left

rFire   + . .        b - +10 scimitar "Qasuotim" {heavy, Fly}
rCold   + . .        d - +1 buckler of Qazlal's Pride {Will+ Slay+5}
rNeg    + + .        T - +7 chain mail of Circular Logic {rPois Will+ Regen+ Dex+2}
rPois   +            m - +0 hat of the Moon Troll {Fly Slay+2}
rElec   +            P - +0 cloak of Inquiry {Str+3 Dex+3 Stlth+}
rCorr   +            q - +3 pair of gauntlets of War {Slay+5}
SInv    +            U - +1 pair of boots of the Ant {+Inv rPois rC+ Stlth+}
Will    +++..        E - amulet of the Suburbs {rElec rPois Regen+ SInv}
Stlth   +++          V - ring "Vuytiub" {rF+ rN+ rCorr}
HPRegen 2.16/turn    p - ring of Qoixor {rN+ Str+4 Dex+4}
MPRegen 0.18/turn

%: no passive effects
@: flying, hasted, studying Unarmed Combat, very quick
A: horns 2, retaliatory headbutt
}: 2/15 runes: serpentine, barnacled
a: Renounce Religion, Evoke Invisibility, Heroism, Finesse, Duel


You were on level 4 of the Vaults.
You worshipped Okawaru.
Okawaru was exalted by your worship.
You visited 8 branches of the dungeon, and saw 39 of its levels.
You visited the Abyss 1 time.
You also visited: Trove, Sewer, Bailey, Ice Cave and Volcano.

You collected 5983 gold pieces.
You spent 3089 gold pieces at shops.

Inventory:

Hand Weapons
 a - the +4 long sword of Spontaneous Combustion {vamp, Will++ Int+3 Dex+6}
   (You bought it in a shop on level 3 of the Snake Pit)

   Int:       It affects your intelligence (+3).
   Dex:       It affects your dexterity (+6).
   Will:      It greatly increases your willpower.
 b - the +10 scimitar "Qasuotim" (weapon) {heavy, Fly}
   (Okawaru gifted it to you on level 4 of the Snake Pit)

   Fly:       It grants you flight.
 c - a +2 double sword of holy wrath
 t - the +11 Singing Sword {sonic wave}
   (You took it off a merfolk impaler on level 4 of the Shoals)
Missiles
 C - 2 throwing nets (quivered)
Armour
 d - the +1 buckler of Qazlal's Pride (worn) {Will+ Slay+5}
   (You found it in a treasure trove)

   Slay:      It affects your accuracy & damage with ranged weapons and melee
   (+5).
   Will:      It increases your willpower.
 m - the +0 hat of the Moon Troll (worn) {Fly Slay+2}
   (You found it in a treasure trove)

   Slay:      It affects your accuracy & damage with ranged weapons and melee
   (+2).
   Fly:       It grants you flight.
 q - the +3 pair of gauntlets of War (worn) {Slay+5}
   (You acquired it in a bailey)

   Slay:      It affects your accuracy & damage with ranged weapons and melee
   (+5).
 L - the +9 crystal plate armour of the Crushed Gods {+Blink Will+}
   (Okawaru gifted it to you on level 2 of the Orcish Mines)

   +Blink:    It lets you blink.
   Will:      It increases your willpower.
 P - the +0 cloak of Inquiry (worn) {Str+3 Dex+3 Stlth+}
   (You found it in a bailey)

   Str:       It affects your strength (+3).
   Dex:       It affects your dexterity (+3).
   Stlth:     It makes you more stealthy.
 T - the +7 chain mail of Circular Logic (worn) {rPois Will+ Regen+ Dex+2}
   (You took it off a deep elf blademaster on level 3 of the Elven Halls)

   Dex:       It affects your dexterity (+2).
   rPois:     It protects you from poison.
   Regen:     It increases your rate of health regeneration.
   Will:      It increases your willpower.
 U - the +1 pair of boots of the Ant (worn) {+Inv rPois rC+ Stlth+}
   (Okawaru gifted it to you in a volcano)

   rC:        It protects you from cold.
   rPois:     It protects you from poison.
   +Inv:      It lets you turn invisible.
   Stlth:     It makes you more stealthy.
Jewellery
 p - the ring of Qoixor (right hand) {rN+ Str+4 Dex+4}
   (You bought it in a shop on level 1 of the Snake Pit)

   [ring of positive energy]

   Str:       It affects your strength (+4).
   Dex:       It affects your dexterity (+4).
   rN:        It protects you from negative energy.
 E - the amulet of the Suburbs (around neck) {rElec rPois Regen+ SInv}
   (You found it in an ice cave)

   [amulet of regeneration]

   rElec:     It insulates you from electricity.
   rPois:     It protects you from poison.
   SInv:      It lets you see invisible.
   Regen:     It increases your rate of health regeneration.
 F - an amulet of reflection
 V - the ring "Vuytiub" (left hand) {rF+ rN+ rCorr}
   (You took it off a deep elf death mage on level 3 of the Elven Halls)

   [ring of resist corrosion]

   rF:        It protects you from fire.
   rN:        It protects you from negative energy.
   rCorr:     It protects you from acid and corrosion.
Wands
 H - a wand of digging (3)
Scrolls
 f - 28 scrolls of identify
 h - 12 scrolls of fear
 o - a scroll of blinking
 w - 6 scrolls of teleportation
 x - 5 scrolls of poison
 y - 6 scrolls of magic mapping
 N - 10 scrolls of immolation
Potions
 e - 17 potions of curing
 i - 6 potions of haste
 k - 9 potions of might
 n - 2 potions of resistance
 s - a potion of heal wounds
 z - 3 potions of mutation
 A - 2 potions of invisibility
 S - 3 potions of berserk rage


   Skills:
 + Level 23.2 Fighting
 + Level 23.4 Long Blades
 + Level 22.7 Armour
 + Level 7.8 Dodging
 + Level 3.7 Stealth
 + Level 25.7 Shields
 + Level 2.5 Invocations
 + Level 1.4 Evocations


You had 21 spell levels left.
You didn't know any spells.
Your spell library contained the following spells:

 Spells                   Type           Power      Damage    Failure   Level
 Beastly Appendage        Tmut           0%         N/A       75%         1
 Kiss of Death            Conj/Necr      0%         2d5       75%         1
 Magic Dart               Conj           0%         1d3       75%         1
 Sandblast                Erth           0%         2d4       75%         1
 Blink                    Tloc           0%         N/A       86%         2
 Ensorcelled Hibernation  Hex/Ice        0%         N/A       86%         2
 Lesser Beckoning         Tloc           0%         N/A       86%         2
 Momentum Strike          Conj/Tloc      0%         3d8       86%         2
 Passwall                 Tmut/Erth      0%         N/A       86%         2
 Poisonous Vapours        Pois/Air       0%         N/A       86%         2
 Searing Ray              Conj           0%         2d4       86%         2
 Static Discharge         Conj/Air       0%         2-2/arc   86%         2
 Sublimation of Blood     Necr           0%         N/A       86%         2
 Wereblood                Tmut           0%         N/A       86%         2
 Confusing Touch          Hex            0%         N/A       98%         3
 Gell's Gravitas          Tloc           0%         N/A       98%         3
 Mephitic Cloud           Conj/Pois/Air  0%         N/A       98%         3
 Ozocubu's Armour         Ice            0%         N/A       98%         3
 Portal Projectile        Hex/Tloc       0%         N/A       98%         3
 Spider Form              Tmut/Pois      0%         N/A       98%         3
 Stone Arrow              Conj/Erth      0%         3d7       98%         3
 Swiftness                Air            0%         N/A       98%         3
 Teleport Other           Tloc           0%         N/A       98%         3
 Vhi's Electric Charge    Tloc/Air       0%         N/A       98%         3
 Volatile Blastmotes      Fire/Tloc      0%         2d10      98%         3
 Anguish                  Hex/Necr       0%         N/A       100%        4
 Dispel Undead            Necr           0%         3d6       100%        4
 Fulminant Prism          Conj/Hex       0%         3d5       100%        4
 Iskenderun's Mystic Bla  Conj/Tloc      0%         2d3       100%        4
 Leda's Liquefaction      Hex/Erth       0%         N/A       100%        4
 Passage of Golubria      Tloc           0%         N/A       100%        4
 Petrify                  Tmut/Erth      0%         N/A       100%        4
 Arcjolt                  Conj/Air       0%         1d10      100%        5
 Blade Hands              Tmut           0%         N/A       100%        5
 Freezing Cloud           Conj/Ice/Air   0%         6-21      100%        5
 Irradiate                Conj/Tmut      0%         3d11      100%        5
 Lee's Rapid Deconstruct  Erth           0%         3d4*      100%        5
 Metabolic Englaciation   Hex/Ice        0%         N/A       100%        5
 Yara's Violent Unravell  Hex/Tmut       0%         3d3       100%        5
 Iron Shot                Conj/Erth      0%         9d1       100%        6
 Statue Form              Tmut/Erth      0%         N/A       100%        6
 Enfeeble                 Hex            0%         N/A       100%        7
 Chain Lightning          Conj/Air       0%         N/A       100%        9
 Tukima's Dance           Hex            Unusable   N/A       N/A         3
 Animate Armour           Summ/Erth      Unusable   N/A       N/A         4
 Simulacrum               Ice/Necr       Unusable   N/A       N/A         6

Dungeon Overview and Level Annotations

Branches:
Dungeon (15/15)            Temple (1/1) D:4            Lair (5/5) D:10
 Shoals (4/4) Lair:3        Snake (4/4) Lair:2        Slime (0/5) Lair:4
    Orc (2/2) D:9             Elf (3/3) Orc:2        Vaults (5/5) D:13
  Crypt (0/3) Vaults:3     Depths (0/4) D:15          Sewer (visited)
 Bailey (visited)           IceCv (visited)         Volcano (visited)

Altars:
Ashenzari
Cheibriados
Dithmenos
Elyvilon
Fedhas
Gozag
Hepliaklqana
Kikubaaqudgha
Makhleb
Nemelex Xobeh
Okawaru
Qazlal
Ru
Sif Muna
Trog
Uskayaw
Vehumet
Wu Jian
Xom
Yredelemnul
Zin
The Shining One
Jiyva

Shops:
D:2 !(   D:5 [   D:6 *   D:7 *   D:8 **   D:9 [   D:11 :   D:12 !   D:13 *
Orc:2 [[(=   Elf:3 [   Shoals:2 =   Shoals:4 :   Snake:1 *!*([   Snake:3 !=(
Vaults:1 [   Vaults:2 :   Vaults:3 (   Vaults:4 *??[[

Annotations:
D:10 Casa
Elf:2 2 runed translucent doors


Innate Abilities, Weirdness & Mutations

You have a pair of horns on your head.
You reflexively headbutt those who attack you in melee.


Message History

You carve the tentacled monstrosity like a ham!!!
You kill the tentacled monstrosity!
Okawaru accepts your kill.
The vault guard hits you but does no damage.
You block the phantasmal warrior's attack.
The hell knight hits you with a +0 great mace.
* * * LOW HITPOINT WARNING * * *
The hell knight prays to its god.
The hell knight seems to speed up.
The golden dragon bites you!
* * * LOW HITPOINT WARNING * * *
The golden dragon claws you!
* * * LOW HITPOINT WARNING * * *
You block the golden dragon's attack.
Unknown command.
The hell knight misses you.
The phantasmal warrior closely misses you.
The hell knight mumbles some strange prayers to its god.
The hell knight seems to speed up.
You block the vault guard's attack.
You block the golden dragon's attack. x2; The golden dragon misses you.
You fly upwards.
There is a stone staircase leading down here.
Things that are here:
a +0 scimitar of holy wrath; a +0 chain mail; a +2 great sword of freezing You feel much better.
The hell knight hits you with a +0 great mace!
* * * LOW HITPOINT WARNING * * *
Unknown command.
You slash the golden dragon! You headbutt the golden dragon.
The golden dragon is lightly wounded.
The phantasmal warrior hits you!!
* * * LOW HITPOINT WARNING * * *
The golden dragon misses you. You furiously retaliate!
You headbutt the golden dragon!! The golden dragon claws you!
* * * LOW HITPOINT WARNING * * *
The golden dragon tramples you.
* * * LOW HITPOINT WARNING * * *
You are shoved backwards!
The hell knight calls down the wrath of its god upon you.
The bolt of fire hits you! You resist.
You die...

#.#.....#.# #..'....'.
#.##...##.# #..#....#.
#########..# #..#######
#....#....## #..)†...#
#....#.#.#### #..†....#
#......#....# ######'###
#....###....# #........
####+############........
#.....@[[.....#........
#.....pD[.....#........
#.....W[[.....#........
###.##.##.##.##.....###
#..#..#..#..##.....#
##.##.##.##.###.....#
#.......[.[[[.#.....#
#.>...........+.....#
#.............#.....#


You could see a golden dragon, a hell knight (fast) and a phantasmal warrior.

Vanquished Creatures
  An ancient lich (Vaults:4)
  Frederick (Vaults:2)
  Bai Suzhen (Snake:3)
  Margery (Vaults:4)
  Vashnia (Snake:4)
  Nikola (Snake:3)
  4 tentacled monstrosities
  A lich (Abyss:4)
  3 deep elf blademasters (Elf:3)
  The ghost of Mumoesu the Tortoise, an adept AtFi of Wu Jian (Vaults:2)
  2 titans
  A deep elf master archer (Elf:3)
  A kraken (Shoals:4)
  2 sphinxes
  Kirke (Shoals:1)
  A tengu reaver (Vaults:3)
  A storm dragon (Vaults:4)
  The ghost of kwasso the Thaumaturge, an adept DsEE of Gozag (Shoals:3)
  Roxanne (D:15)
  A fire giant (Vaults:4)
  5 nagarajas (Snake:4)
  A draconian knight (IceCv)
  Aizul (Snake:3)
  A curse skull (Vaults:3)
  8 deep elf sorcerers (Elf:3)
  The ghost of kwasso the Skirmisher, a journeyman GnHu of Nemelex Xobeh (Orc:2)
  9 vault wardens
  8 deep elf elementalists (Elf:3)
  13 very ugly things
  15 ironbound preservers
  A stone giant (D:15)
  A war gargoyle (Vaults:4)
  15 ironbound thunderhulks
  A cacodemon (Vaults:2)
  8 deep elf annihilators (Elf:3)
  9 deep elf demonologists
  8 dire elephants
  8 deep elf death magi
  The ghost of ywiktor the Protected, a journeyman MiBe of Trog (Snake:1)
  5 white draconians (IceCv)
  11 merfolk impalers
  Josephine (D:13)
  4 crystal guardians
  3 merfolk javelineers
  7 deep elf high priests
  2 ettins
  3 entropy weavers
  6 great orbs of eyes
  7 yaktaur captains
  2 salamander tyrants (Snake:4)
  The ghost of Zirot the Basher, a journeyman GrFi of Okawaru (D:12)
  An ice dragon (Lair:4)
  3 hydras
  27 vault guards
  3 peacekeepers
  Erica (D:11)
  6 boulder beetles
  17 centaur warriors
  2 ogre magi (D:11)
  7 ironbound frosthearts
  A satyr (Shoals:2)
  7 two-headed ogres
  8 merfolk avatars
  4 merfolk aquamancers
  6 anacondas
  3 tengu warriors
  2 catoblepae
  17 dancing weapons
  A deep troll shaman (Lair:5)
  5 death yaks (Lair:5)
  3 hell hogs (Abyss:4)
  A shock serpent (shapeshifter) (Vaults:2)
  22 naga sharpshooters
  A death knight (D:13)
  A vampire mage (Vaults:3)
  16 naga warriors
  An orc high priest (Bailey)
  13 deep elf knights
  10 hell knights
  3 shock serpents
  A sun demon (Volcano)
  5 salamander mystics
  12 skysharks
  3 wretched stars (Abyss:4)
  A fire crab (shapeshifter) (Abyss:4)
  A death drake (shapeshifter) (Vaults:2)
  A glowing orange brain (Vaults:2)
  8 sea snakes
  36 deep trolls
  9 naga ritualists
  10 lindwurms
  13 deep elf archers
  17 ironbound convokers
  3 orc knights
  An orange crystal statue (IceCv)
  14 harpies
  A necromancer (Vaults:4)
  6 large abominations (Abyss:4)
  5 phantasmal warriors
  6 wizards
  7 mana vipers
  A mana viper (shapeshifter) (Vaults:2)
  33 deep elf pyromancers
  25 deep elf zephyrmancers
  18 manticores
  A moth of wrath (D:12)
  5 orc sorcerers
  10 fauns
  24 salamanders
  8 cyclopes
  15 ugly things
  2 oklob plants
  A black mamba (shapeshifter) (Vaults:2)
  3 guardian serpents
  14 elephants
  32 black mambas
  4 torpor snails
  3 water nymphs
  5 merfolk sirens
  A storm dragon simulacrum (IceCv)
  A molten gargoyle (D:13)
  12 vault sentinels
  3 gargoyles
  6 cane toads
  2 smoke demons
  21 naga magi
  An efreet (Abyss:4)
  10 rime drakes
  An unseen horror (shapeshifter) (Vaults:2)
  A hellion (Abyss:4)
  An anaconda simulacrum (Snake:1)
  7 komodo dragons
  6 yaktaurs
  A freezing wraith (Vaults:4)
  48 merfolk
  An ancient zyme (Abyss:3)
  7 golden dragon simulacra (IceCv)
  A polar bear (shapeshifter) (Vaults:2)
  2 harpy zombies (Abyss:4)
  A wind drake (shapeshifter) (Vaults:2)
  2 meliai (shapeshifter)
  3 meliai (D:14)
  11 trolls
  A troll (shapeshifter) (Vaults:2)
  3 wind drakes
  4 blink frogs (Lair:2)
  8 raiju (Abyss:4)
  2 hornets
  3 polar bears
  A dream sheep (shapeshifter) (Vaults:4)
  5 snapping turtles
  21 dream sheep
  4 shadows
  23 slime creatures
  A jumping spider (Vaults:1)
  An air elemental (Elf:3)
  2 spectral black mambas (Snake:1)
  14 water elementals
  5 wyverns
  A culicivora (shapeshifter) (Elf:2)
  5 fire elementals
  A vampire (D:12)
  5 wraiths
  4 hogs (Shoals:1)
  36 yaks
  9 basilisks
  12 humans
  A golden eye (shapeshifter) (Vaults:2)
  A basilisk (shapeshifter) (Vaults:2)
  2 steam dragons (D:9)
  4 redbacks
  Menkaure (D:7)
  40 nagas
  9 water moccasins
  An acid dragon (D:11)
  2 hell hounds (Volcano)
  2 spectral nagas (Snake:1)
  42 orc warriors
  5 black bears
  2 ice beasts (D:10)
  A sky beast (D:6)
  4 black mamba simulacra (Snake:1)
  2 ice dragon simulacra (IceCv)
  17 wolves
  31 centaurs
  9 ogres
  2 kobold brigands
  20 bullfrogs
  An earth elemental (Elf:3)
  4 gnoll sergeants (D:6)
  A naga simulacrum (Snake:1)
  6 scorpions
  9 wights
  A small abomination (Abyss:4)
  11 lindwurm simulacra (IceCv)
  6 electric eels
  8 howler monkeys
  A lava snake (D:13)
  8 hounds
  3 jellies
  Crazy Yiuf (D:7)
  4 gnoll boudas
  12 orc priests
  An iguana (D:4)
  18 orc wizards
  Natasha (thrice) (D:2)
  A sleepcap (D:5)
  8 hell rats (Lair:4)
  44 gnolls
  9 adders
  A shadow imp (D:6)
  5 white imps
  3 ufetubi
  3 worms
  6 dart slugs
  54 orcs
  7 ball pythons
  11 endoplasms
  8 giant cockroaches
  12 goblins
  9 hobgoblins
  15 jackals
  14 kobolds
  15 quokkas
  6 bats
  16 frilled lizards
  5 rats
  A tentacle (Shoals:4)
1619 creatures vanquished.

Vanquished Creatures (others)
  A deep elf high priest (Vaults:5)
  A thrashing horror (Abyss:4)
  4 deep elf knights
  A naga ritualist (Snake:4)
  A basilisk (Lair:4)
  A gnoll (Bailey)
  A white imp (Lair:4)
  An orc (Orc:1)
  A goblin (Bailey)
  2 tentacles (Shoals:4)
14 creatures vanquished.

Grand Total: 1633 creatures vanquished

Notes
Turn   | Place    | Note
-------+----------+-------------------------------------------
     0 | D:1      | Peloso the Minotaur Fighter began the quest for the Orb.
     0 | D:1      | Reached XP level 1. HP: 19/19 MP: 0/0
    59 | D:1      | Reached XP level 2. HP: 25/27 MP: 1/1
   298 | D:1      | Reached XP level 3. HP: 28/33 MP: 2/2
   498 | D:2      | Found Uwkiff's Distillery.
   591 | D:2      | Found Goomir's Weapon Emporium.
   734 | D:2      | Noticed Natasha
   744 | D:2      | Killed Natasha
   745 | D:2      | Reached skill level 4 in Shields
   745 | D:2      | Reached XP level 4. HP: 27/40 MP: 3/3
   801 | D:2      | Identified the +0 long sword of the Thoughtful Curses
                  | {drain, Fragile Str+5 SInv}
   819 | D:2      | Noticed Natasha
   828 | D:2      | Killed Natasha
   863 | D:2      | Noticed Natasha
   879 | D:2      | Killed Natasha
   880 | D:2      | Reached skill level 5 in Fighting
   880 | D:2      | Reached XP level 5. HP: 39/48 MP: 4/4
  1602 | D:3      | Noticed an ogre
  1608 | D:3      | Killed an ogre
  1609 | D:3      | Reached skill level 1 in Dodging
  1715 | D:3      | Found a glowing drain.
  1746 | Sewer    | Entered a sewer
  1769 | Sewer    | Reached skill level 5 in Armour
  1769 | Sewer    | Reached XP level 6. HP: 52/56 MP: 5/5
  1898 | Sewer    | Reached skill level 5 in Long Blades
  2362 | D:3      | Found a faded altar of an unknown god.
  2684 | D:2      | Bought a potion of mutation for 112 gold pieces
  2728 | D:4      | Found a staircase to the Ecumenical Temple.
  2738 | Temple   | Entered the Ecumenical Temple
  2843 | Temple   | Became a worshipper of Warmaster Okawaru
  2935 | D:4      | Reached XP level 7. HP: 62/62 MP: 6/6
  3356 | D:4      | Reached skill level 5 in Shields
  3548 | D:5      | Entered Level 5 of the Dungeon
  3557 | D:5      | Reached * piety under Okawaru
  3739 | D:5      | Found Faran's Armour Shop.
  3749 | D:5      | Reached XP level 8. HP: 71/71 MP: 7/7
  3762 | D:5      | Reached skill level 6 in Shields
  4433 | D:6      | Reached ** piety under Okawaru
  4514 | D:6      | Noticed a troll
  4521 | D:6      | Killed a troll
  4525 | D:6      | Found Begaig's Assorted Antiques.
  4536 | D:6      | Bought a scroll labelled JIVONOGIEH for 22 gold pieces
  4536 | D:6      | Bought a scroll labelled QAPIRGH PESE for 22 gold pieces
  4536 | D:6      | Bought a scroll labelled QAPIRGH PESE for 22 gold pieces
  4536 | D:6      | Bought a sedimented cyan potion for 19 gold pieces
  4536 | D:6      | Bought a viscous ruby potion for 19 gold pieces
  4746 | D:6      | Reached XP level 9. HP: 79/79 MP: 8/8
  5122 | D:6      | Reached *** piety under Okawaru
  5691 | D:7      | Reached skill level 7 in Shields
  5757 | D:7      | Reached skill level 10 in Long Blades
  5834 | D:7      | Noticed Menkaure
  5841 | D:7      | Killed Menkaure
  5870 | D:7      | Found a runed translucent door.
  5871 | D:7      | Noticed Crazy Yiuf
  6125 | D:7      | Found Jeiniessu's CLEARANCE SALE!.
  6182 | D:7      | Bought a scroll of identify for 6 gold pieces
  6182 | D:7      | Bought a ring of flight for 52 gold pieces
  6563 | D:7      | Killed Crazy Yiuf
  6708 | D:8      | Found Ofubas's Changing Room.
  6824 | D:8      | Found Enoaz's Lightly-Used Armoury.
  7523 | D:9      | Reached **** piety under Okawaru
  7562 | D:9      | Found a shadowy altar of Dithmenos.
  7585 | D:9      | Reached XP level 10. HP: 88/88 MP: 9/9
  7604 | D:9      | Reached skill level 8 in Shields
  7710 | D:9      | Received a gift from Okawaru
  8070 | D:9      | Reached ***** piety under Okawaru
  8071 | D:9      | Reached skill level 9 in Shields
  8120 | D:9      | You are sucked into a shaft and drop 3 floors!
  8130 | D:12     | Noticed Zirot's ghost (journeyman GrFi)
  8130 | D:12     | Noticed a two-headed ogre
  8138 | D:12     | Noticed a two-headed ogre
  8138 | D:12     | Noticed an orc knight
  8139 | D:12     | Found a bloodstained altar of Trog.
  8139 | D:12     | Noticed a moth of wrath
  8142 | D:12     | Noticed a two-headed ogre
  8146 | D:12     | Found a transporter.
  8148 | D:12     | Found a transporter.
  8186 | D:12     | Noticed a manticore
  8194 | D:12     | Killed a manticore
  8195 | D:12     | Reached skill level 10 in Armour
  8224 | D:12     | Noticed a centaur warrior
  8244 | D:12     | Killed a centaur warrior
  8294 | D:12     | Noticed a gargoyle
  8303 | D:12     | Killed a gargoyle
  8303 | D:12     | Received a gift from Okawaru
  8304 | D:12     | Reached XP level 11. HP: 86/97 MP: 7/10
  8347 | D:11     | Found a portal to a secret trove of treasure.
  8377 | D:10     | Entered Level 10 of the Dungeon
  8459 | D:10     | Found a flagged portal.
  8481 | Bailey   | Entered a bailey
  8692 | Bailey   | Acquired the +3 pair of gauntlets of War {Slay+5}
  8692 | Bailey   | Found the +3 pair of gauntlets of War {Slay+5}
  8755 | Bailey   | Reached skill level 10 in Shields
  8846 | Bailey   | Found an iron altar of Okawaru.
  8846 | Bailey   | Noticed an orc sorcerer
  8846 | Bailey   | Noticed an orc high priest
  8853 | Bailey   | Killed an orc sorcerer
  8856 | Bailey   | Killed an orc high priest
  8886 | Bailey   | Identified the +0 cloak of Inquiry {Str+3 Dex+3 Stlth+}
  8923 | Bailey   | Identified the +11 sling "Reyzxyt" {flame, rF+ Str+4 Dex-4}
  8992 | Bailey   | Received a gift from Okawaru
  8998 | Bailey   | Reached skill level 1 in Evocations
  9056 | D:10     | Found a staircase to the Lair.
  9221 | D:10     | Noticed a centaur warrior
  9230 | D:10     | Killed a centaur warrior
  9231 | D:10     | Reached skill level 10 in Fighting
  9841 | D:11     | Identified the +0 robe of Tebluvvi {*Slow rElec rPois
                  | Str+4} (Okawaru gifted it to you on level 11 of the
                  | Dungeon)
  9841 | D:11     | Received a gift from Okawaru
  9952 | D:11     | Noticed an ogre mage
  9960 | D:11     | Killed an ogre mage
  9977 | D:11     | Noticed Erica
  9978 | D:11     | Noticed a boulder beetle
  9988 | D:11     | Killed Erica
 10056 | D:11     | Killed a boulder beetle
 10058 | D:11     | Noticed a two-headed ogre
 10064 | D:11     | Killed a two-headed ogre
 10065 | D:11     | Reached skill level 11 in Shields
 10065 | D:11     | Reached XP level 12. HP: 93/108 MP: 11/11
 10242 | D:11     | Noticed a tengu warrior
 10251 | D:11     | Killed a tengu warrior
 10272 | D:11     | Noticed a two-headed ogre
 10278 | D:11     | Killed a two-headed ogre
 10445 | D:11     | Found Quemedgh's Self-Improvement Boutique.
 10458 | D:11     | Noticed a two-headed ogre
 10468 | D:11     | Killed a two-headed ogre
 10814 | Lair:1   | Entered Level 1 of the Lair of Beasts
 10907 | Lair:1   | Found a dark tunnel.
 10913 | Volcano  | Entered a volcano
 11047 | Volcano  | Reached skill level 1 in Stealth
 11080 | Volcano  | Identified the +1 pair of boots of the Ant {+Inv rPois rC+
                  | Stlth+} (Okawaru gifted it to you in a volcano)
 11080 | Volcano  | Received a gift from Okawaru
 11221 | Lair:1   | Reached ****** piety under Okawaru
 11343 | Lair:1   | Reached skill level 15 in Long Blades
 11747 | Lair:1   | Reached skill level 12 in Shields
 12553 | Lair:2   | Found a staircase to the Snake Pit.
 12678 | Lair:2   | Reached XP level 13. HP: 119/119 MP: 12/12
 13290 | Lair:3   | Found a staircase to the Shoals.
 13689 | Lair:3   | Reached skill level 13 in Shields
 14349 | D:12     | Received a gift from Okawaru
 14619 | D:12     | Found Mouplief's Distillery.
 15325 | Lair:3   | Identified the scarf of the Alphagorgon {harm, rN+ Int-4
                  | Stlth+} (Okawaru gifted it to you on level 3 of the Lair of
                  | Beasts)
 15325 | Lair:3   | Received a gift from Okawaru
 15654 | Lair:4   | Reached skill level 14 in Shields
 15680 | Lair:4   | Identified the +8 mace of Flawed Execution {heavy, rC+
                  | Str-5 Int+3 Stlth+}
 15898 | Lair:4   | Found a viscous altar of Jiyva.
 15899 | Lair:4   | Found a staircase to the Slime Pits.
 16641 | Lair:5   | Entered Level 5 of the Lair of Beasts
 16651 | Lair:5   | Reached XP level 14. HP: 103/130 MP: 13/13
 17032 | D:8      | Bought -2 pearl dragon scales for 1080 gold pieces
 17151 | D:11     | You paid a toll of -2 pearl dragon scales to enter a
                  | treasure trove
 17152 | Trove    | Entered a treasure trove
 17158 | Trove    | Identified the +0 hat of the Camelopard {+Inv Will- Str+2
                  | Int+6}
 17161 | Trove    | Identified the +4 plate armour "Tisat" {Dex+4}
 17162 | Trove    | Identified the +5 chain mail "Geskoam" {Int+2}
 17167 | Trove    | Identified the +9 plate armour of Dishonesty {+Blink Int+3
                  | Stlth+}
 17172 | Trove    | Identified the +1 buckler of Qazlal's Pride {Will+ Slay+5}
 17175 | Trove    | Identified the +0 hat of the Moon Troll {Fly Slay+2}
 17258 | Trove    | Identified the +2 robe of Tenacity {rN+ Stlth+}
 17806 | Lair:5   | Identified the +4 tower shield of Responsibility {Harm
                  | rPois Dex-4 Slay+6} (Okawaru gifted it to you on level 5 of
                  | the Lair of Beasts)
 17806 | Lair:5   | Received a gift from Okawaru
 17826 | Lair:5   | Reached skill level 15 in Armour
 17826 | Lair:5   | Reached skill level 15 in Shields
 18518 | D:13     | Noticed Josephine
 18528 | D:13     | Killed Josephine
 18610 | D:13     | Found Fienen's General Store.
 18985 | D:13     | Reached skill level 15 in Fighting
 19008 | D:13     | Identified the +2 kite shield of Gozag's Displeasure {Harm
                  | rC+}
 19017 | D:13     | Identified the +0 kite shield of Qoavyn {rElec rN+}
 19043 | D:13     | Received a gift from Okawaru
 19082 | D:13     | Found a gate to the Vaults.
 19392 | D:9      | Found a staircase to the Orcish Mines.
 19392 | D:9      | Found Ygeiph's Armour Boutique.
 19666 | Orc:1    | Entered Level 1 of the Orcish Mines
 20171 | Orc:2    | Entered Level 2 of the Orcish Mines
 20312 | Orc:2    | Found a runed translucent door.
 20313 | Orc:2    | Noticed kwasso's ghost (journeyman GnHu)
 20559 | Orc:2    | Found a staircase to the Elven Halls.
 20668 | Orc:2    | Reached skill level 16 in Shields
 20699 | Orc:2    | Reached XP level 15. HP: 83/141 MP: 14/14
 21007 | Orc:2    | Found Keophol's Antique Armour Shoppe.
 21008 | Orc:2    | Found Copt's Antique Weapon Shop.
 21008 | Orc:2    | Found Texzueco's Antique Armour Emporium.
 21027 | Orc:2    | Found Aloyniy's Jewellery Boutique.
 21039 | Orc:2    | Bought an encrusted plate armour for 952 gold pieces
 21039 | Orc:2    | Identified the +9 plate armour "Filovybi" {rPois Int+7
                  | Slay-3} (You bought it in a shop on level 2 of the Orcish
                  | Mines)
 21268 | Orc:2    | Killed kwasso's ghost
 21268 | Orc:2    | Received a gift from Okawaru
 21678 | D:14     | Found a broken altar of Ashenzari.
 22271 | D:15     | Entered Level 15 of the Dungeon
 22652 | D:15     | Noticed Roxanne
 22669 | D:15     | Killed Roxanne
 22929 | D:15     | Found a staircase to the Depths.
 22997 | D:15     | Reached skill level 17 in Shields
 23589 | Elf:1    | Entered Level 1 of the Elven Halls
 23609 | Orc:2    | Received a gift from Okawaru
 24262 | Elf:1    | Noticed a Hell Sentinel
 24551 | Orc:2    | Identified the +9 crystal plate armour of the Crushed Gods
                  | {+Blink Will+} (Okawaru gifted it to you on level 2 of the
                  | Orcish Mines)
 24551 | Orc:2    | Received a gift from Okawaru
 24740 | Orc:2    | Noticed a Tzitzimitl
 24807 | Elf:1    | HP: 6/145 [something (17)]
 24833 | Elf:1    | Reached XP level 16. HP: 44/152 MP: 3/15
 24850 | Elf:1    | Reached skill level 18 in Shields
 24982 | Elf:1    | Reached skill level 1 in Invocations
 25922 | D:12     | Killed Zirot's ghost
 26179 | Snake:1  | Entered Level 1 of the Snake Pit
 26366 | Snake:1  | Identified the +0 pair of gloves of Omission {rElec Str-2
                  | Int+3 SInv} (Okawaru gifted it to you on level 1 of the
                  | Snake Pit)
 26366 | Snake:1  | Received a gift from Okawaru
 27135 | Snake:1  | Found a runed translucent gate.
 27135 | Snake:1  | Found a runed translucent gate.
 27135 | Snake:1  | Found a runed translucent gate.
 27140 | Snake:1  | Noticed ywiktor's ghost (journeyman MiBe)
 27231 | Snake:1  | Found Mueshu's Distillery.
 27231 | Snake:1  | Found Fewniach's General Store.
 27238 | Snake:1  | Found Qoffal's Weapon Shoppe.
 27245 | Snake:1  | Bought a potion of heal wounds for 75 gold pieces
 27255 | Snake:1  | Found Tinikleu's Assorted Antiques.
 27256 | Snake:1  | Found Douj's Armour Boutique.
 27271 | Snake:1  | Bought a crude bronze ring for 115 gold pieces
 27271 | Snake:1  | Identified the ring of Qoixor {rN+ Str+4 Dex+4} (You bought
                  | it in a shop on level 1 of the Snake Pit)
 28279 | Snake:2  | Reached skill level 19 in Shields
 28613 | Snake:2  | Reached XP level 17. HP: 163/163 MP: 16/16
 28751 | Shoals:1 | Entered Level 1 of the Shoals
 29040 | Shoals:1 | Identified the +0 hat of Untruth {Int+3} (Okawaru gifted it
                  | to you on level 1 of the Shoals)
 29040 | Shoals:1 | Received a gift from Okawaru
 29063 | Shoals:1 | Noticed Kirke
 29092 | Shoals:1 | Killed Kirke
 29093 | Shoals:1 | Reached XP level 18. HP: 172/172 MP: 17/17
 29912 | Orc:2    | Bought an encrusted chain mail for 323 gold pieces
 29912 | Orc:2    | Identified the +0 chain mail "Acvam" {Regen+ rCorr Str+2
                  | Stlth-} (You bought it in a shop on level 2 of the Orcish
                  | Mines)
 30603 | Elf:2    | Found a runed translucent door.
 30632 | Elf:2    | Found a runed translucent door.
 30826 | Elf:3    | Entered Level 3 of the Elven Halls
 30898 | Elf:3    | Found Wiarog's Armour Shop.
 30934 | Elf:3    | Found a frozen archway.
 30953 | IceCv    | Entered an ice cave
 31145 | IceCv    | Identified the ring "Cany" {rF+ Will+}
 31151 | IceCv    | Identified the amulet of the Suburbs {rElec rPois Regen+
                  | SInv}
 31473 | Elf:3    | Paralysed by an air elemental for 1 turns
 31744 | Elf:3    | Identified the +0 crystal plate armour of the Slorg {Contam
                  | Rampage rN++ Int+4} (Okawaru gifted it to you on level 3 of
                  | the Elven Halls)
 31744 | Elf:3    | Received a gift from Okawaru
 32060 | Elf:3    | Reached skill level 20 in Shields
 32486 | Snake:3  | Found Xaocs's Antique Weapon Shop.
 32488 | Snake:3  | Found Buahiar's Jewellery Boutique.
 32491 | Snake:3  | Found Plog's Distillery.
 32506 | Snake:3  | Bought a shimmering long sword for 204 gold pieces
 32506 | Snake:3  | Identified the +4 long sword of Spontaneous Combustion
                  | {vamp, Will++ Int+3 Dex+6} (You bought it in a shop on
                  | level 3 of the Snake Pit)
 32562 | Snake:3  | Noticed Aizul
 32574 | Snake:3  | Killed Aizul
 33843 | Snake:1  | Killed ywiktor's ghost
 34285 | Shoals:2 | Found Qoopri's Jewellery Emporium.
 35052 | Shoals:3 | Received a gift from Okawaru
 35087 | Shoals:3 | Reached XP level 19. HP: 103/183 MP: 18/18
 35200 | Shoals:3 | Found a runed translucent door.
 35200 | Shoals:3 | Found a shimmering altar of Xom.
 35200 | Shoals:3 | Noticed kwasso's ghost (adept DsEE)
 35465 | Shoals:3 | Reached skill level 21 in Shields
 35924 | Abyss:3  | Cast into level 3 of the Abyss (kwasso's ghost)
 35963 | Abyss:3  | Found a corrupted altar of Lugonu.
 35975 | Abyss:4  | Found a corrupted altar of Lugonu.
 35991 | Abyss:4  | Found a corrupted altar of Lugonu.
 35997 | Abyss:4  | Found a corrupted altar of Lugonu.
 36117 | Abyss:4  | Received a gift from Okawaru
 36226 | Abyss:4  | Found a shimmering altar of Xom.
 36227 | Abyss:4  | Found a shimmering altar of Xom.
 36227 | Abyss:4  | Found a shimmering altar of Xom.
 36228 | Abyss:4  | Found a shimmering altar of Xom.
 36228 | Abyss:4  | Found a corrupted altar of Lugonu.
 36228 | Abyss:4  | Found a shimmering altar of Xom.
 36228 | Abyss:4  | Found a shimmering altar of Xom.
 36229 | Abyss:4  | Found a shimmering altar of Xom.
 36234 | Abyss:4  | Found a shimmering altar of Xom.
 36234 | Abyss:4  | Found a shimmering altar of Xom.
 36234 | Abyss:4  | Found a shimmering altar of Xom.
 36234 | Abyss:4  | Found a shimmering altar of Xom.
 36234 | Abyss:4  | Found a shimmering altar of Xom.
 36249 | Shoals:3 | Escaped the Abyss
 36260 | Shoals:3 | Killed kwasso's ghost
 36472 | Snake:4  | Entered Level 4 of the Snake Pit
 36638 | Snake:4  | Noticed Nikola
 36640 | Snake:4  | Noticed Bai Suzhen
 36699 | Snake:3  | Killed Nikola
 36699 | Snake:3  | Received a gift from Okawaru
 36715 | Snake:3  | Killed Bai Suzhen
 36764 | Snake:4  | Identified the +10 scimitar "Qasuotim" {heavy, Fly}
                  | (Okawaru gifted it to you on level 4 of the Snake Pit)
 36764 | Snake:4  | Received a gift from Okawaru
 36818 | Snake:4  | Noticed Vashnia
 36857 | Snake:4  | Killed Vashnia
 36888 | Snake:4  | Reached skill level 22 in Shields
 37112 | Snake:4  | Received a gift from Okawaru
 37141 | Snake:4  | HP: 9/187 [naga sharpshooter/bolt (7)]
 37631 | Snake:4  | Reached XP level 20. HP: 194/195 MP: 20/20
 37746 | Snake:4  | Got a serpentine rune of Zot
 38453 | Shoals:4 | Entered Level 4 of the Shoals
 38611 | Shoals:4 | Received a gift from Okawaru
 38735 | Shoals:4 | Got a barnacled rune of Zot
 39000 | Shoals:4 | Found Ejifiar's Book Shoppe.
 39436 | Shoals:4 | Identified the +3 rapier of Nobiexiwk {drain, rN+}
 40077 | Elf:3    | Received a gift from Okawaru
 40404 | Elf:3    | Identified the ring "Vuytiub" {rF+ rN+ rCorr}
 40406 | Elf:3    | Identified the +7 chain mail of Circular Logic {rPois Will+
                  | Regen+ Dex+2}
 40406 | Elf:3    | Identified the amulet of Geragav {RegenMP rC+++ rN+ Int+3
                  | Dex-4}
 40407 | Elf:3    | Identified the +11 long sword of the Big Bang {flame, *Rage
                  | Str+3}
 40572 | Elf:3    | Reached skill level 23 in Shields
 40625 | Elf:3    | Identified the +6 demon blade "Ihejor" {freeze, *Slow
                  | Dex+7} (Okawaru gifted it to you on level 3 of the Elven
                  | Halls)
 40625 | Elf:3    | Received a gift from Okawaru
 40902 | Elf:3    | Identified the amulet "Ronif" {Faith Int+2}
 40938 | Elf:3    | Identified the staff of conjuration "Omucwuis" {rPois Str+2
                  | SInv}
 40940 | Elf:3    | Got the Vellum of Malediction and Weather
 40944 | Elf:3    | Identified the +1 buckler "Puwikir" {rC+ Str+3}
 40950 | Elf:3    | Identified the staff of poison "Kicoful" {*Corrode rElec
                  | rPois rF++ Int-2 Stlth+}
 40954 | Elf:3    | Identified the staff of earth "Feaggemone" {rCorr Int+3}
 41601 | Vaults:1 | Entered Level 1 of the Vaults
 42082 | Vaults:1 | Received a gift from Okawaru
 42236 | Vaults:1 | Reached XP level 21. HP: 206/206 MP: 21/21
 42571 | Vaults:1 | Found Negeq's Armour Boutique.
 43145 | Vaults:2 | Received a gift from Okawaru
 43156 | Vaults:2 | Found a runed translucent gate.
 43156 | Vaults:2 | Found a runed translucent gate.
 43157 | Vaults:2 | Found a runed translucent gate.
 43194 | Vaults:2 | Found Riowo's Book Boutique.
 43216 | Vaults:2 | Noticed Frederick
 43223 | Vaults:2 | Killed Frederick
 43302 | Vaults:2 | Reached skill level 5 in Dodging
 43723 | Vaults:2 | Reached skill level 24 in Shields
 43848 | Vaults:2 | Found a runed translucent gate.
 43848 | Vaults:2 | Found a runed translucent gate.
 43854 | Vaults:2 | Found a runed translucent gate.
 43859 | Vaults:2 | Noticed Mumoesu's ghost (adept AtFi)
 43873 | Vaults:2 | Killed Mumoesu's ghost
 43910 | Vaults:2 | Identified the +1 cloak of Ignis's Regard {Fly rElec
                  | Will+++ Int-3}
 44250 | Vaults:3 | Identified the +1 leather armour of Wu Jian's Pride {rF++
                  | rCorr Dex-5}
 44259 | Vaults:3 | Got the Almanac of Putridity and the Cumulonimbus
 44314 | Vaults:3 | Found a staircase to the Crypt.
 44805 | Vaults:3 | Found Idorr's Antique Weapon Boutique.
 45473 | Vaults:4 | Identified the +7 demon blade "Zologaj" {elec, *Slow rC+++
                  | rCorr Str+3} (Okawaru gifted it to you on level 4 of the
                  | Vaults)
 45473 | Vaults:4 | Received a gift from Okawaru
 45598 | Vaults:4 | Found Cegio's Armour Shop.
 45633 | Vaults:4 | Found Fituros's Magic Scroll Shop.
 45638 | Vaults:4 | Bought a scroll of teleportation for 33 gold pieces
 45638 | Vaults:4 | Bought a scroll of teleportation for 33 gold pieces
 45645 | Vaults:4 | Found Datis's Magic Scroll Shoppe.
 45792 | Vaults:4 | Found Xiughuim's General Store.
 45909 | Vaults:4 | Found Joynim's Armour Boutique.
 45924 | Vaults:4 | Reached XP level 22. HP: 171/217 MP: 22/22
 46249 | Vaults:4 | Reached skill level 25 in Shields
 46545 | Vaults:4 | Received a gift from Okawaru
 46709 | Vaults:5 | Entered Level 5 of the Vaults
 46813 | Vaults:4 | Acquired 834 gold pieces
 46819 | Vaults:5 | Noticed Margery
 47722 | Vaults:4 | Killed Margery
 47752 | Vaults:5 | HP: 5/218 [tentacled monstrosity (14)]
 47753 | Vaults:5 | Noticed an ancient lich
 47768 | Vaults:4 | Received a gift from Okawaru
 47929 | Vaults:4 | Killed an ancient lich
 48080 | Vaults:5 | Noticed a golden dragon
 48087 | Vaults:5 | Identified the ring "Mext" {Contam Fly Str+2 Dex+3 Stlth+}
 48098 | Vaults:4 | HP: 9/220 [golden dragon (3)]
 48098 | Vaults:4 | Killed from afar by a hell knight

Illustrated notes

Levels and vault maps discovered:
D:1:      saegor_arrival_miasma, layout_rooms
D:2:      layout_loops_ring, serial_shops, nicolae_shop_bloodbath_and_beyond,
          nicolae_shop_industrial_runoff, uniq_natasha
D:3:      layout_basic, portal_sewer_entry_d,
          hellmonk_ecumenical_altar_inner_sanctum
D:4:      layout_loops_cross, minmay_temple_entry_glass
D:5:      nicolae_BIG_FREAKIN_CUBE, layout_basic, nicolae_stop_n_shop_2,
          minmay_manual_mandibuliform
D:6:      layout_cave_pools, serial_gnoll_camp, gnoll_camp_mini_hut,
          gnoll_camp_huts_moat, gnoll_camp_mini_shop, gnoll_camp_mini_hut,
          gnoll_camp_mini_basic, gnoll_camp_medium_01
D:7:      layout_loops_ring, serial_shops, nicolae_shop_rolled_up,
          grunt_ministairs_5, chequers_serial_rivers_micro_a,
          reono_crystal_passage, nicolae_shop_clearance, uniq_menkaure,
          uniq_crazy_yiuf_cottage
D:8:      layout_basic, nicolae_transmutations_shop, minivault_24,
          minmay_shop_damaged
D:9:      layout_cave_pools, lemuel_tele_altar, orc_david_3
D:10:     layout_cave_pools, due_lair_maze_entry_diamond, enter_bailey_2,
          serial_ice, serial_ice_g, serial_ice_o, serial_ice_d, serial_ice_n
D:11:     minmay_inside_and_out, layout_layer_cave,
          nicolae_trove_entry_isolated, minmay_liquid_box,
          nicolae_shop_self_help, uniq_erica
D:12:     layout_rooms, serial_shops, shop, gammafunk_ghost_wrathful_warriors
D:13:     layout_roguey, ximxim_vaults_locker_room, nicolae_inconvenience_store,
          uniq_josephine
D:14:     layout_loops_ring, cheibrodos_ashenzari_chains
D:15:     grunt_enter_depths_snipers, layout_irregular_city,
          hangedman_decor_cross_pass, uniq_roxanne
Temple:   kilobyte_greek_temple
Lair:1:   layout_layer_cave, nicolae_volcano_entry_hallway,
          serial_bayou_crossing
Lair:2:   layout_regular_city, minmay_snake_entry_guardpost_small,
          serial_bayou_shore_a, lemuel_fruit_tree
Lair:3:   layout_chaotic_city, shoals_dummy_entry, minmay_lair_oklob_items
Lair:4:   layout_misc_corridors, slime_entry_1, special_room
          [special_room_mythical_zoo], minmay_lair_oklob_bushes, st_stairs_12,
          bobbens_ice_dragon_lair
Lair:5:   grunt_lair_end_beastmaster, layout_cave_shapes, grunt_megastairs_2
Shoals:1: layout_shoals, uniq_kirke
Shoals:2: layout_shoals, nicolae_stop_n_shop_2
Shoals:3: layout_shoals, ebering_ghost_xom
Shoals:4: shoals_end_hangedman, layout_shoals, serial_shops, shop
Snake:1:  layout_basic, gammafunk_ghost_necromancy,
          nicolae_snake_gridmaze_zigzag, grunt_ministairs_2,
          nicolae_snake_serpentine_bazaar
Snake:2:  layout_gridlike, grunt_megastairs_3
Snake:3:  layout_basic, minmay_shop_star, uniq_aizul
Snake:4:  snake_pit, layout_rooms, uniq_bai_suzhen, uniq_vashnia, uniq_nikola
Orc:1:    layout_diamond_mine
Orc:2:    st_orc_rangers, layout_caves, ebering_ghost_reflecting_pool
Elf:1:    minmay_elf_arrival_plus, layout_loops_cross, minmay_elf_demonology,
          lemuel_upstairs_altar
Elf:2:    elven_hall_of_blades_hangedman_original
          [nicolae_blade_entry_splitting_headache], layout_geoelf_grid
Elf:3:    minmay_elf_hall_four_x, layout_loops_corners, serial_shops,
          nicolae_shop_advertising_works [nicolae_subvault_shop_adworks],
          portal_ice_cave_entry_pillars_1, minmay_misc_feat_columns
Vaults:1: v_rooms_3, nicolae_vaults_ring_of_whatevers,
          nicolae_vaults_c_with_doors, nicolae_vaults_apartment_2,
          nicolae_vaults_closet_pinwheel_3, ontoclasm_vaults_fault,
          nicolae_vaults_tangram_2, nicolae_vaults_little_squares_1,
          ontoclasm_vaults_chip, nicolae_vaults_taking_the_gang_shopping,
          nicolae_vaults_trapezoid_lopsided_4, ontoclasm_vaults_pinch,
          layout_vaults_omnicross
Vaults:2: ploomutoo_gammafunk_ghost_potion_laboratory, v_misc_4,
          nicolae_vaults_offset_grid_hallway_3, vaults_dpeg_encased_lava,
          nicolae_vaults_little_squares_1, v_rooms_2, nicolae_vaults_six-pack,
          nicolae_vaults_storage_closets_3, hangedman_vaults_pinch,
          nicolae_vaults_enemy_cabinets, nicolae_vaults_variable_pillar_hall,
          layout_vaults_big_room, serial_shops, shop, uniq_frederick
Vaults:3: nicolae_vaults_shock_wave, nicolae_vaults_trapezoid_layered,
          nicolae_vaults_ring_of_whatevers, nicolae_vaults_cochlea,
          nicolae_vaults_alarming, nicolae_vaults_hallways_thing,
          nicolae_vaults_theta, layout_vaults_omnigrid,
          minmay_crypt_entry_simple_walls, serial_shops, shop
Vaults:4: ontoclasm_vaults_claustrophobia, v_misc_27, vaults_room_door_hall,
          v_misc_12, nicolae_vaults_turnstiles,
          nicolae_vaults_closet_pinwheel_6, nicolae_vaults_trapezoid_4,
          v_alt_pattern_6, ontoclasm_vaults_tryst, nicolae_vaults_asterisk,
          layout_vaults_ring, serial_shops, nicolae_lakefront_shop,
          nicolae_shop_behind_doors, nicolae_shop_just_a_little_nook, shop, shop
Vaults:5: uniq_margery

Skill      XL: |  1  2  3  4  5  6  7  8  9 10 11 12 13 14 15 16 17 18 19 20 21 22 |
---------------+-------------------------------------------------------------------+-----
Armour         | 4 5 6 7 9 10 11 13 14 15 16 18 19 20 21 22 | 22.7
Long Blades    | 3 4 5 6 9 10 12 14 15 16 17 18 19 20 21 22 23 | 23.4
Fighting       | 4 5 6 7 8 9 10 12 13 15 16 18 19 20 21 22 23 | 23.2
Shields        | 4 5 6 7 9 11 12 14 16 17 19 20 22 23 24 25 | 25.7
Dodging        | 1 2 3 4 6 7 |  7.8
Evocations     | 1 |  1.4
Stealth        | 1 2 3 |  3.7
Invocations    | 1 2 |  2.5

Action                     |  1- 3 |  4- 6 |  7- 9 | 10-12 | 13-15 | 16-18 | 19-21 | 22-24 || total
---------------------------+-------+-------+-------+-------+-------+-------+-------+-------++-------
  Melee: Long sword        |    97 |   208 |   547 |    83 |       |   257 |   438 |       ||  1630
         Headbutt          |    11 |    25 |   138 |   181 |   303 |   288 |   399 |    67 ||  1412
         Scimitar          |       |       |       |   523 |  1031 |   641 |   777 |   212 ||  3184
         Double sword      |       |       |       |       |       |       |    57 |       ||    57
 Invoke: Heroism           |       |       |     2 |     4 |     3 |     3 |    10 |     7 ||    29
  Evoke: Wand              |       |       |       |     8 |       |     3 |       |       ||    11
    Use: Scroll            |     2 |     5 |    12 |     8 |     4 |     6 |     8 |     2 ||    47
         Potion            |       |       |       |     2 |     6 |     2 |     5 |    11 ||    26
   Stab: Sleeping          |       |       |       |       |       |       |     8 |       ||     8
 Armour: Scale mail        |    40 |       |       |       |       |       |       |       ||    40
         Plate armour      |    12 |   161 |   374 |   301 |   736 |       |       |       ||  1584
         Crystal plate arm |       |       |       |       |    55 |   657 |   688 |       ||  1400
         Chain mail        |       |       |       |       |       |       |   358 |   238 ||   596
  Dodge: Dodged            |    55 |    79 |   176 |   186 |   422 |   317 |   757 |   281 ||  2273
  Block: Buckler           |    22 |    55 |   130 |       |   458 |   546 |  1126 |   285 ||  2622
         Kite shield       |       |       |   110 |   347 |   281 |       |       |       ||   738
